[Event "1st Bella Italia International 2022"]
[Site "Lignano"]
[Date "2022.08.22"]
[Round "8.1"]
[White "Karthik Venkataraman"]
[Black "Visakh N R"]
[Result "1-0"]
[ECO "C95"]
[WhiteElo "2483"]
[BlackElo "2503"]
[Annotator "TA"]
[PlyCount "75"]
[EventDate "2022.08.18"]
[EventCountry "ITA"]
[SourceTitle "playchess.com"]
[Source "ChessBase"]
[SourceQuality "1"]
[TimeControl "5400+30"]

1. e4 e5 2. Nf3 Nc6 3. Bb5 a6 4. Ba4 Nf6 5. O-O Be7 6. Re1 b5 7. Bb3 d6 8. c3 O-O 9. h3 Nb8 10. d4 Nbd7 11. Nbd2 Bb7 12. Bc2 Re8 13. Nf1 Bf8 14. Ng3 g6 15. a4 Bg7 16. d5 Qb8 {[%emt 0:04:55] C95: Closed Ruy Lopez: Breyer Variation with 10 d4.} 17. c4 c6 18. b3 bxc4 {[%emt 0:00:46] The position is equal.} 19. bxc4 a5 20. Ba3 Bf8 21. Ne2 {[%emt 0:04:12] [#]} Ba6 $146 (21... Rc8 $11) ({Predecessor:} 21... Qc7 22. Nc3 Ba6 23. Bb3 Nc5 24. Bxc5 dxc5 25. Nd2 Rab8 26. dxc6 Qxc6 27. Nd5 Bh6 {½-½ (45) Shirov,A (2741)-Roiz,M (2680) Cala Mayor 2008}) 22. dxc6 $16 Nb6 {[%emt 0:02:55] [#]} 23. Nc3 $1 {[%emt 0:00:14] Threatens to win with Nd5. White is more active.} Nxc4 24. Bd3 Rc8 $2 {[%emt 0:20:09] [#] This costs Black the game.} (24... Nxa3 $14 25. Rxa3 Bxd3 26. Qxd3 d5) 25. Nd5 $1 $18 Nxd5 26. exd5 Qa7 27. Bxc4 Bxc4 28. Rc1 Qa6 29. Ng5 Bh6 (29... Be7 $142) 30. h4 f6 31. Rxc4 Qxc4 32. Ne4 Bf8 33. Nxf6+ ({Not} 33. Bxd6 Kh8 $16) 33... Kh8 34. Nd7 Qa2 $2 (34... Qxh4 {was worth a try.} 35. Nb6 Kg8 36. Nxa8 Rxa8) 35. Qf3 {[%emt 0:02:17][%cal Oa3d6] Hoping for Bxd6! White is clearly winning.} Be7 {[%emt 0:03:57] [#]} (35... Qd2 $142) 36. Bxd6 $1 {[%emt 0:01:11][%mdl 576] Deflection, Decoy} Bxd6 (36... Rf8 37. Bxe5+) 37. Qf6+ Kg8 38. Qxd6 {[%emt 0:00:24] Weighted Error Value: White=0.12 (very precise) /Black=0.63} 1-0

[Event "1st Bella Italia International 2022"]
[Site "Lignano"]
[Date "2022.08.22"]
[Round "8.2"]
[White "Ghosh, Diptayan"]
[Black "Das, Sayantan"]
[Result "1/2-1/2"]
[WhiteElo "2538"]
[BlackElo "2449"]
[Annotator "TA"]
[PlyCount "34"]
[EventDate "2022.08.18"]
[EventCountry "ITA"]
[SourceTitle "playchess.com"]
[Source "ChessBase"]
[SourceQuality "1"]
[TimeControl "5400+30"]

1. d4 d5 2. c4 dxc4 3. Nf3 Nf6 4. e3 e6 5. Bxc4 c5 6. O-O a6 7. Be2 {[%emt 0:09:25] D27: Queen's Gambit Accepted: Classical main line: 7 e4!? and 7 a4.} Nbd7 8. b3 b6 9. Bb2 Bb7 10. Nbd2 {[%emt 0:04:22] [#] An uneventful encounter.  Weighted Error Value: White=0.05 (flawless) /Black=0.00 (flawless)} {Predecessor:} Be7 $146 11. Nc4 O-O 12. Rc1 Rc8 13. dxc5 Rxc5 14. Bd4 Rc8 15. Qd2 b5 16. Na5 Bd5 17. Rxc8 Qxc8 {0-1 (57) Andreikin,D (2729)-Aronian,L (2785) Chess.com INT 2022} 1/2-1/2

[Event "1st Bella Italia International 2022"]
[Site "Lignano"]
[Date "2022.08.22"]
[Round "8.3"]
[White "Lumachi, Gabriele"]
[Black "Aaron, Deepak"]
[Result "0-1"]
[ECO "A57"]
[WhiteElo "2355"]
[BlackElo "2221"]
[Annotator "TA"]
[PlyCount "72"]
[EventDate "2022.08.18"]
[EventCountry "ITA"]
[SourceTitle "playchess.com"]
[Source "ChessBase"]
[SourceQuality "1"]
[TimeControl "5400+30"]

1. d4 Nf6 2. c4 c5 3. d5 b5 4. cxb5 a6 5. e3 e6 6. dxe6 fxe6 7. Nc3 {[%emt 0:02:43] A57: Benko/Volga Gambit.} d5 8. e4 d4 9. e5 {[%emt 0:00:12] [#] The position is equal.} Nd5 $146 ({Predecessor:} 9... Nfd7 10. Qh5+ g6 11. Qf3 Ra7 12. Ne4 axb5 13. Qb3 Qa5+ 14. Bd2 c4 15. Qg3 Qc7 {0-1 (36) Smyth,P (1247)-Pljusnin,V (1880) IECC email 1999}) 10. Ne4 Nd7 11. bxa6 Bxa6 12. Bxa6 Qa5+ 13. Bd2 Qxa6 14. Ne2 Nxe5 15. O-O Be7 $36 {[%emt 0:00:52][%mdl 2048] Black has the initiative.} 16. Nf4 (16. b4 $1 $11 {keeps the balance.}) 16... O-O $17 17. Nxd5 (17. Ne2 $17) 17... exd5 $19 18. Qh5 Qe6 ({Worse is} 18... dxe4 19. Qxe5 Qb7 20. Rae1 $15) 19. Ng3 Nc4 20. Bg5 {[%emt 0:03:51] [#]} Bxg5 $1 ({But not} 20... Nxb2 21. Rfe1 Qf7 22. Bxe7 $16 (22. Rxe7 Qxh5 23. Nxh5 Rf7 $16)) 21. Qxg5 Qe5 (21... Nxb2 $19 {White must now prevent ...Nd3.} 22. Rae1 h6) 22. Qc1 $17 Rac8 {[%emt 0:00:58] 0x0.001b8068b37edp-1022s more active pieces. The white rooks are badly placed.} 23. Qc2 ({Better is} 23. b3 Nd6 24. Qe1) 23... Nd6 24. Rae1 Qf6 25. Qa4 (25. Qd2 $17) 25... d3 $19 26. Qg4 (26. Rd1 {was the only defense.} c4 27. b3) 26... Rce8 {[%emt 0:04:46] [#] And now ...Rxe1 would win.} 27. Rxe8 Rxe8 28. Qa4 (28. Rd1 $142 Qxb2 29. Qf3) 28... d2 29. Rd1 Re1+ 30. Nf1 Rxd1 31. Qxd1 {[%emt 0:01:03][%mdl 4096] Endgame KQN-KQN} Ne4 32. Qe2 Qd4 33. Ne3 Qxb2 {[%emt 0:00:11] ...Nc3 is the strong threat.} 34. g3 (34. Nd1 $142 Qc1 35. Kf1) 34... Nc3 35. Qg4 Qb1+ 36. Nf1 Qxf1+ {[%emt 0:00:46] Weighted Error Value: White=1.03/Black=0.29 (precise)} 0-1

[Event "1st Bella Italia International 2022"]
[Site "Lignano"]
[Date "2022.08.22"]
[Round "8.4"]
[White "Jonkman, Harmen"]
[Black "Sonis, Francesco"]
[Result "0-1"]
[ECO "B22"]
[WhiteElo "2373"]
[BlackElo "2543"]
[Annotator "TA"]
[PlyCount "118"]
[EventDate "2022.08.18"]
[EventCountry "ITA"]
[SourceTitle "playchess.com"]
[Source "ChessBase"]
[SourceQuality "1"]
[TimeControl "5400+30"]

1. e4 c5 2. c3 Nf6 3. e5 Nd5 4. Nf3 d6 5. d4 cxd4 6. Qxd4 e6 7. exd6 Qxd6 {[%emt 0:04:38] 7...Nc6 is the hot move. B22: Sicilian: 2 c3.} 8. Bd3 Nc6 9. Qe4 f5 {[%emt 0:07:09] The position is equal.} 10. Qe2 Nf4 (10... e5 $11) 11. Bxf4 $16 Qxf4 {[%emt 0:00:02] [#]} 12. Nbd2 $146 ({Predecessor:} 12. O-O Be7 13. Nbd2 O-O 14. Nc4 Bf6 15. Rfe1 Rd8 16. Rad1 b5 17. Nce5 Nxe5 18. Nxe5 {1-0 (28) Goodger,M (2107)-Reuben,S (2137) England 2011}) 12... Be7 13. Bb5 Bf6 14. O-O O-O 15. Nc4 Qc7 16. Rad1 Rd8 {[%emt 0:00:30] Against Nd6} ({Black should play} 16... e5 $1 $14) 17. Rxd8+ (17. Bxc6 $16 Rxd1 18. Rxd1 Qxc6 19. Nfe5) 17... Nxd8 $14 18. Nce5 Nf7 19. Re1 Nxe5 20. Nxe5 a6 21. Ba4 Bxe5 22. Qxe5 Qxe5 23. Rxe5 $11 {[%emt 0:27:33][%mdl 4096] Endgame KRB-KRB} Kf8 24. Rc5 b5 25. Bb3 Ke7 {[%emt 0:00:30] And now ...Kd6 would win.} 26. f4 Kd6 {[%emt 0:00:07] Against Rc7} 27. Re5 g5 28. g3 Bd7 29. Kf2 Rg8 $2 (29... Rc8 $11) 30. Rxf5 $1 $16 gxf4 31. Rxf4 Rg7 32. Rh4 Be8 33. Rd4+ Ke7 34. Re4 Rg6 35. Ke3 Rh6 36. h4 $1 Rg6 37. g4 Bc6 38. Re5 (38. Rf4 $142) 38... Kd6 39. Rg5 {[%emt 0:02:56] Threatens to win with Rxg6.} Rf6 40. Bd1 {[%emt 0:01:27] Prevents Rf3+. Be2 is the strong threat.} Rf1 41. Be2 Rh1 42. Rh5 Rh3+ 43. Kf4 Rh2 44. Bd3 e5+ {[%emt 0:00:53] [#]} 45. Kf5 ({Don't go for} 45. Rxe5 $2 Rf2+ 46. Ke3 Rf3+ 47. Kd4 {[#]} Rxd3+ $1 48. Kxd3 Kxe5 $19) (45. Kg3 $1 $16 Rg2+ 46. Kh3 Rxb2 47. Rh6+ (47. Bxh7 Rxa2 48. Rh6+ Kc5 $16) (47. Rxh7 Bg2+ 48. Kg3 e4 $11) 47... Kc5 48. Bxh7 (48. Rxh7 Bg2+ 49. Kg3 e4 $11)) 45... Rf2+ $11 46. Kg5 e4 47. Rh6+ Ke5 48. Rxc6 $2 (48. Bb1 $11 Rxb2 49. Rxc6 Rxb1 50. Rc8) 48... exd3 {[%emt 0:00:23] KR-KR} 49. Rc8 (49. Rc5+ $142 Ke4 50. Rc7) 49... Rf6 $19 50. Re8+ Re6 51. Rf8 Rg6+ 52. Kh5 d2 53. Rf1 Ke4 {[%emt 0:00:03] ( -> ...Kd3)} 54. g5 Kd3 55. Kg4 Ke2 56. Rh1 d1=Q 57. Rxd1 Kxd1 58. h5 Rg8 59. Kf5 Kc2 {[%emt 0:00:05] What a bad dream for White.  Weighted Error Value: White=0.59/Black=0.12 (very precise)} 0-1

[Event "1st Bella Italia International 2022"]
[Site "Lignano"]
[Date "2022.08.22"]
[Round "8.5"]
[White "Bommini Mounika Akshaya"]
[Black "Zeller, Frank"]
[Result "1/2-1/2"]
[ECO "E51"]
[WhiteElo "2107"]
[BlackElo "2356"]
[Annotator "TA"]
[PlyCount "68"]
[EventDate "2022.08.18"]
[EventCountry "ITA"]
[SourceTitle "playchess.com"]
[Source "ChessBase"]
[SourceQuality "1"]
[TimeControl "5400+30"]

1. d4 Nf6 2. c4 e6 3. Nc3 Bb4 4. e3 O-O 5. Bd2 d5 6. Nf3 b6 7. cxd5 exd5 8. Rc1 {[%emt 0:00:05] E51: Nimzo-Indian: Rubinstein: 4...0-0 5 Nf3 d5.} a6 9. Bd3 Re8 10. Ne5 {[%emt 0:00:48] White has an edge.} c5 11. O-O Bb7 12. a3 {[%emt 0:03:51] [#]} cxd4 $146 ({Predecessor:} 12... Bxc3 13. Bxc3 c4 14. Bb1 Nc6 15. f4 b5 16. Be1 Ne4 17. Qh5 Qc7 18. Bxe4 dxe4 {1-0 (28) Harika,D (2492)-Kosteniuk,A (2517) Shaoxing 2019}) 13. axb4 dxc3 14. Bxc3 Qd6 15. f4 Nc6 16. b5 axb5 17. Bxb5 {[%emt 0:00:20] [#] Hoping for Nxc6. A strong pair of Bishops.} Rec8 18. Nxc6 (18. Bd3 {with more complications.} Qe6 19. Re1 Nxe5 20. Bxe5 Rxc1 21. Qxc1 Ba6 22. Bxa6 Rxa6 23. Qc7) 18... Bxc6 19. Bxc6 (19. Bd3 $14) 19... Rxc6 $11 {[%emt 0:08:19] The position is equal.} 20. Bxf6 Rxc1 21. Qxc1 Qxf6 $14 {[%emt 0:00:23][%mdl 4096] Endgame KQR-KQR} 22. Rd1 Qe6 23. Qd2 h5 24. Kf2 Ra5 25. Qd4 h4 26. Rd2 h3 27. b4 Ra3 28. g3 Kh7 29. Kf3 f5 30. Qe5 Qg6 31. Qxd5 {[%emt 0:00:00] Black must now prevent Rc2.} Ra1 32. Kf2 Rb1 33. b5 {[%emt 0:01:13] Active counter play!} Qg4 34. Qc6 Ra1 {[%emt 0:01:12] Weighted Error Value: White=0.07 (flawless) /Black=0.02 (flawless)} 1/2-1/2

[Event "1st Bella Italia International 2022"]
[Site "Lignano"]
[Date "2022.08.22"]
[Round "8.6"]
[White "Priyanka Nutakki"]
[Black "Cappelletto, Joshuaede"]
[Result "0-1"]
[ECO "E73"]
[WhiteElo "2308"]
[BlackElo "2266"]
[Annotator "TA"]
[PlyCount "94"]
[EventDate "2022.08.18"]
[EventCountry "ITA"]
[SourceTitle "playchess.com"]
[Source "ChessBase"]
[SourceQuality "1"]
[TimeControl "5400+30"]

1. d4 Nf6 2. c4 g6 3. h4 Bg7 4. Nc3 d6 5. e4 O-O 6. Be2 h5 7. Bg5 c5 {[%emt 0:01:10] E73: King's Indian: Averbakh Variation without 6...c5.} 8. d5 a6 9. Qd2 b5 {[%emt 0:05:50] The position is equal.} 10. cxb5 axb5 {[%emt 0:00:16] [#]} 11. f3 $146 (11. Bxb5 $14 Ba6 12. f3) ({Predecessor:} 11. Bxb5 Ba6 12. Bxa6 Nxa6 13. Nge2 Qa5 14. a4 Rfb8 15. f3 Nc7 16. O-O Rb7 17. Rfb1 {1-0 (39) Vaishali,R (2403)-Danielian,V (2230) Chess.com INT 2022}) 11... b4 $17 12. Nd1 Ra4 13. Bb5 Ra5 14. Bc4 Nbd7 15. Ne3 Ba6 16. Bxa6 Rxa6 17. Ne2 Qa8 18. Nc1 Ne5 19. Rb1 c4 20. O-O Qa7 21. Kh1 Qc5 22. Qe2 Ra7 23. Nc2 $1 Rc7 24. Be3 Qa5 25. Qe1 c3 (25... e6 $11 26. dxe6 fxe6) 26. bxc3 $14 Rxc3 (26... bxc3 $2 27. Bb6 Qa4 28. Bxc7 $18) 27. Nxb4 Qa3 {[%emt 0:04:21] [#]} (27... Rc4 $1 $14) 28. Bd2 (28. Bd4 $1 $16 Rc7 29. Bxe5 dxe5 30. Ncd3) 28... Rc4 29. Qe2 Qa4 30. Ncd3 Nxd3 31. Qxd3 Rc7 32. Nc6 (32. Rfc1 $16 Rxc1+ 33. Rxc1) 32... e6 33. Nb4 $1 exd5 34. exd5 (34. Nxd5 $14 Nxd5 35. Qxd5) 34... Rfc8 $11 35. Rfe1 Nd7 36. f4 Nf6 37. f5 Ng4 {[%emt 0:00:05] [#] Hoping for ...Nf2+.} 38. Rf1 {[%emt 0:01:00] Inhibits Nf2+.} Kh7 39. Rbe1 Ne5 40. Qb3 Qb5 41. Rf4 $2 ({White should try} 41. Rb1 $11) 41... Bh6 $17 42. Qg3 (42. a4 {is a better defense.} Qa5 43. Qg3) 42... Bxf4 ({Better is} 42... Ng4 $19 {aiming for ...Re8.} 43. fxg6+ fxg6) 43. Qxf4 $15 {[%emt 0:00:01] White wants to mate with Qh6+.} Ng4 {[%emt 0:00:01] Against Qh6+. White must now prevent ...Re8. Active counter play!} 44. fxg6+ fxg6 {[%emt 0:00:05] Strongly threatening ...Re8.} 45. Qxd6 $2 (45. Nc6 $17 Rg8 46. a4 (46. Qxd6 $2 Rf7 $19)) 45... Rf7 $19 {[%emt 0:00:16] ( -> ...Rf1+)} 46. Kg1 {[%emt 0:00:38] Against Rf1+} Rcf8 47. Qa6 Rf1+ {[%emt 0:00:06][%mdl 64] Back Rank.  Weighted Error Value: White=0.47/Black=0.16 (very precise)} 0-1

[Event "1st Bella Italia International 2022"]
[Site "Lignano"]
[Date "2022.08.22"]
[Round "8.7"]
[White "Player, Edmund C"]
[Black "Etxagibel Larranaga, Asier"]
[Result "1-0"]
[ECO "B19"]
[WhiteElo "2202"]
[BlackElo "2118"]
[Annotator "TA"]
[PlyCount "97"]
[EventDate "2022.08.18"]
[EventCountry "ITA"]
[SourceTitle "playchess.com"]
[Source "ChessBase"]
[SourceQuality "1"]
[TimeControl "5400+30"]

1. e4 c6 2. d4 d5 3. Nd2 dxe4 4. Nxe4 Bf5 5. Ng3 Bg6 6. h4 h6 7. Nf3 Nd7 8. h5 Bh7 9. Bd3 Bxd3 10. Qxd3 e6 11. Bd2 Qc7 12. O-O-O Ngf6 13. Ne4 Nxe4 14. Qxe4 Nf6 15. Qe2 O-O-O 16. g3 Rd5 {[%emt 0:13:22] B19: Classical Caro-Kann: 4...Bf5 main line.} 17. c4 Rxh5 18. Rxh5 Nxh5 {[%emt 0:00:02] The position is equal.} 19. d5 exd5 {[%emt 0:28:53] [#]} ({Don't do} 19... cxd5 20. Kb1 Bd6 21. cxd5 $16 (21. Rc1 Qe7 $16)) 20. cxd5 $146 {[%emt 0:10:07] [#] Qe8+ is the strong threat.} ({Predecessor:} 20. Qe8+ Qd8 21. Qxf7 Nf6 22. Bc3 Qd7 {½-½ (23) Forrisdahl,O (2481)-Penafiel Lopez,J (2398) ICCF email 2012}) 20... Nf6 {[%emt 0:05:47] Prevents Qe8+.} (20... cxd5+ $2 21. Kb1 Bc5 22. Rc1 $18) 21. dxc6 Qxc6+ 22. Kb1 Qe4+ 23. Qxe4 Nxe4 24. Be3 b6 25. Ne5 Bc5 26. Bxc5 bxc5 27. Nxf7 $11 {[%emt 0:08:58][%mdl 4096] Endgame KRN-KRN} Rf8 28. Nd6+ Nxd6 29. Rxd6 Rxf2 {[%emt 0:00:15] KR-KR} 30. Rg6 Rf7 31. Kc2 Kd8 32. Kc3 Ke8 33. Kc4 Rc7 34. a4 Kf7 35. Rd6 Rb7 36. b3 Rb4+ 37. Kc3 Rg4 38. Rd7+ Ke6 39. Rxa7 Kd5 40. Rd7+ Kc6 41. Rd3 h5 42. Kd2 c4 43. Rc3 Kc5 44. a5 {[%emt 0:00:35] aiming for Rxc4+.} Kb5 45. bxc4+ Kxa5 46. c5 Kb4 47. Rc1 Rxg3 {[%emt 0:01:32][%mdl 8192] [#]} (47... Kb5 $11) 48. c6 Rg2+ 49. Ke3 {[%emt 0:00:29] Weighted Error Value: White=0.02 (flawless) /Black=0.28 (precise)} 1-0

[Event "1st Bella Italia International 2022"]
[Site "Lignano"]
[Date "2022.08.22"]
[Round "8.8"]
[White "Lapiccirella, Daniele"]
[Black "Loiacono, Leonardo"]
[Result "1/2-1/2"]
[ECO "D37"]
[WhiteElo "2173"]
[BlackElo "2291"]
[Annotator "NA RC"]
[PlyCount "83"]
[EventDate "2022.08.18"]
[EventCountry "ITA"]
[SourceTitle "playchess.com"]
[Source "ChessBase"]
[SourceQuality "1"]
[TimeControl "5400+30"]

1. d4 d5 2. c4 e6 3. Nc3 Be7 4. Nf3 Nf6 5. Bf4 O-O 6. e3 b6 7. Bd3 dxc4 8. Bxc4 Bb7 9. O-O a6 10. Qe2 b5 11. Bd3 Nbd7 12. Rfd1 c5 13. dxc5 Bxc5 14. Ne5 Qe7 15. Nxd7 Nxd7 16. Bxh7+ Kxh7 17. Qd3+ f5 18. Qxd7 Qxd7 19. Rxd7 Bc6 20. Rdd1 Rfd8 21. Be5 a5 22. Ne2 Bd5 23. Nf4 Bxa2 24. Rdc1 g5 25. Rxc5 gxf4 26. Rxb5 fxe3 27. fxe3 Rd5 28. Rb7+ Kg6 29. Bc3 Bc4 30. Ra4 Rc8 31. Rxa5 Rxa5 32. Bxa5 Bd5 33. Rc7 Rf8 34. g3 Ra8 35. b4 Kf6 36. Kf2 Ke5 37. h4 Ke4 38. Rc3 Rb8 39. Rc1 Ra8 40. Rc3 Rb8 41. Rc1 Ra8 42. Rc3 1/2-1/2

[Event "1st Bella Italia International 2022"]
[Site "Lignano"]
[Date "2022.08.22"]
[Round "8.9"]
[White "Cino, Giuseppe Adalberto"]
[Black "Bettalli, Francesco"]
[Result "0-1"]
[ECO "B36"]
[WhiteElo "1976"]
[BlackElo "2237"]
[Annotator "NA RC"]
[PlyCount "136"]
[EventDate "2022.08.18"]
[EventCountry "ITA"]
[SourceTitle "playchess.com"]
[Source "ChessBase"]
[SourceQuality "1"]
[TimeControl "5400+30"]

1. c4 c5 2. Nf3 g6 3. Nc3 Nc6 4. d4 cxd4 5. Nxd4 Nf6 6. e4 d6 7. Be2 Nxd4 8. Qxd4 Bg7 9. O-O O-O 10. h3 a5 11. Qd3 a4 12. Be3 Qa5 13. Rfc1 Be6 14. Rab1 Rfc8 15. b4 axb3 16. axb3 Nd7 17. Bd4 Nc5 18. Qd1 Bxd4 19. Qxd4 Qb4 20. Nb5 Ra2 21. Qc3 Qxc3 22. Nxc3 Ra3 23. Bd1 Nd3 24. Ra1 Rca8 25. Rxa3 Rxa3 26. Rb1 Bxc4 27. Be2 Ba6 28. Bxd3 Bxd3 29. Rb2 Ra1+ 30. Kh2 Rc1 31. Nd5 Kf8 32. f3 Rc2 33. Rxc2 Bxc2 34. b4 Bb3 35. Nc3 e6 36. Kg3 Ke7 37. Kf4 h6 38. h4 e5+ 39. Ke3 Ke6 40. g3 d5 41. exd5+ Bxd5 42. f4 Bc6 43. g4 exf4+ 44. Kxf4 f6 45. Ke3 Ke5 46. Ne2 Bd7 47. Nf4 g5 48. hxg5 fxg5 49. Nd3+ Kd5 50. Nc5 Bc8 51. Ne4 Ke5 52. Nf2 b6 53. Kd3 Kf4 54. Kd4 Bxg4 55. Nd3+ Kf5 56. Ne5 Be2 57. Nf7 h5 58. Ke3 Bf1 59. b5 Kf6 60. Nd6 h4 61. Kf2 Bd3 62. Nc8 Bxb5 63. Nxb6 g4 64. Nd5+ Kg5 65. Ne3 g3+ 66. Kg1 h3 67. Ng2 Bc6 68. Kh1 Bxg2+ 0-1

[Event "1st Bella Italia International 2022"]
[Site "Lignano"]
[Date "2022.08.22"]
[Round "8.10"]
[White "Zuttioni, Federico"]
[Black "Micottis, Dorian"]
[Result "0-1"]
[ECO "B13"]
[WhiteElo "2161"]
[BlackElo "2263"]
[Annotator "TA"]
[PlyCount "172"]
[EventDate "2022.08.18"]
[EventCountry "ITA"]
[SourceTitle "playchess.com"]
[Source "ChessBase"]
[SourceQuality "1"]
[TimeControl "5400+30"]

1. e4 c6 2. d4 d5 3. exd5 cxd5 4. Bd3 Nc6 5. c3 Nf6 6. Bf4 Bg4 7. Qb3 Qd7 8. Nd2 e6 9. Ngf3 Bd6 10. Bg3 {[%emt 0:00:17] B13: Caro-Kann: Exchange Variation and Panov-Botvinnik Attack.} Bxg3 11. hxg3 Qc7 {[%emt 0:00:16] [#] Against Ne5} 12. a4 $146 {[%emt 0:07:11] The position is equal.} ({Predecessor:} 12. O-O O-O 13. Rfe1 Rfd8 14. Rac1 Rab8 15. a4 Ne7 16. Qc2 Bf5 17. Ne5 h5 18. b4 g6 19. a5 Bxd3 20. Nxd3 Nf5 21. Nc5 Ng4 22. Nf1 Rbc8 23. Qd2 Re8 {½-½ (23) De la Colina,N (2091)-Glashausser,S (1906) Chicago 2022}) 12... h5 13. Qa3 g6 14. b4 Bxf3 15. Nxf3 O-O 16. O-O Rac8 17. Rfe1 Rfe8 18. Rac1 Kg7 19. Qb2 Qb6 20. Qd2 Ng4 21. Qf4 Qd8 22. Ng5 Qf6 23. f3 (23. Qd2 $11 {keeps the balance.}) 23... Qxf4 $17 {[%emt 0:02:47] Chess con chili.} 24. gxf4 Nf6 25. Kf2 Rc7 {[%emt 0:01:23] White must now prevent ...Rec8.} 26. Ke3 Rec8 27. Kd2 h4 28. Rc2 Nh5 29. Nh3 Ne7 30. Rec1 Ng3 31. Nf2 Nef5 32. Bxf5 Nxf5 ({Much weaker is} 32... gxf5 $6 33. Nd3 $11) 33. Nd3 b6 34. Ra2 (34. b5 $142) 34... Nd6 {[%emt 0:02:44] Black is more active.} (34... h3 $142 $1 35. gxh3 Rh8) 35. Nb2 (35. Ne5 $142) 35... Nc4+ (35... h3 $17 36. gxh3 Nf5) 36. Nxc4 $15 Rxc4 {[%emt 0:00:04][%mdl 4096] Endgame KRR-KRR} 37. a5 b5 38. a6 R4c6 39. Ra5 Rb6 40. Rh1 Rh8 $1 41. Ke3 Rh5 42. Rh3 Kf6 43. Rh2 Ke7 44. Kf2 Rb8 45. Rh3 Kd6 46. g3 (46. Ke2 $15) 46... hxg3+ $17 47. Kxg3 Rxh3+ 48. Kxh3 {[%emt 0:00:03] [#] KR-KR} Kc6 $2 ({Worse is} 48... Rc8 49. Rxb5 Rc6 50. Rb7 Rxa6 51. Rxf7 $11) (48... Ke7 $1 $19 {Hoping for ...Rb6.} 49. Kg3 Kf6) 49. Ra1 Rh8+ 50. Kg2 {[%emt 0:00:48] [#]} (50. Kg4 $11 {remains equal.}) 50... Kb6 ({Black should play} 50... Kd7 $1 $17 {With the idea ...Rc8.} 51. Ra5 Rb8) 51. Kg3 $11 Rh5 52. Kg2 Rf5 53. Kg3 Rh5 54. Kg2 Rf5 55. Kg3 g5 56. fxg5 Rxg5+ 57. Kf2 Rg8 58. Ra2 Rc8 59. Ra3 f6 60. f4 {[%emt 0:00:44] Inhibits e5.} Rh8 61. Ra1 Rc8 62. Ra3 Rh8 63. Ra1 Rh2+ 64. Ke3 $1 Rh3+ 65. Kd2 Rh2+ 66. Kd3 Kc6 67. f5 Rh3+ 68. Kd2 exf5 69. Rf1 Rh5 70. Ke3 Kb6 71. Kf4 Kxa6 72. Re1 Rh3 73. Re6+ Kb7 74. Rxf6 Rxc3 75. Ke5 Rc4 76. Rf7+ Kc6 77. Rf6+ Kd7 78. Rxf5 Rxb4 {[%emt 0:00:32] Threatens to win with ...Kc6.} 79. Rf7+ Kc6 {[%emt 0:00:18] And now ...Rb1 would win.} 80. Rxa7 Ra4 81. Rh7 b4 82. Rh6+ Kb5 {[%emt 0:00:04] aiming for ...b3.} 83. Rd6 $2 (83. Kxd5 $11 b3 84. Rh8) 83... b3 {[%emt 0:01:02] Black mates.} 84. Rxd5+ Kb4 85. Rd8 Ra5+ 86. d5 Kb5 $2 {[%emt 0:02:21][%mdl 32768] Weighted Error Value: White=0.18 (very precise) /Black=0.15 (very precise) . Sensor Board Error (Ke4/e5)?} (86... b2 {mates} 87. Rb8+ Rb5 88. Rg8 b1=Q 89. Kf4 Qd3 90. Rg5 Qd4+ 91. Kg3 Ka5 92. Rg4 Qe3+ 93. Kh4 Rxd5 94. Rg6 Qf4+ 95. Kh3 Rh5+ 96. Kg2 Rh2+ 97. Kg1 Qf2#) 0-1

[Event "1st Bella Italia International 2022"]
[Site "Lignano"]
[Date "2022.08.22"]
[Round "8.11"]
[White "Gelle, Istvan"]
[Black "Heredia Serrano, Carla"]
[Result "0-1"]
[ECO "B13"]
[WhiteElo "2218"]
[BlackElo "2090"]
[Annotator "NA RC"]
[PlyCount "34"]
[EventDate "2022.08.18"]
[EventCountry "ITA"]
[SourceTitle "playchess.com"]
[Source "ChessBase"]
[SourceQuality "1"]
[TimeControl "5400+30"]

1. d4 d5 2. Bf4 Nf6 3. e3 c5 4. Nf3 Nc6 5. Nbd2 cxd4 6. exd4 Bg4 7. c3 e6 8. Qb3 Bd6 9. Qxb7 O-O 10. Qxc6 Bxf4 11. Bd3 Rb8 12. Rb1 Qa5 13. a3 Bf5 14. Bxf5 exf5 15. O-O Rb6 16. Qc5 Qa6 17. b4 Rb5 0-1

[Event "1st Bella Italia International 2022"]
[Site "Lignano"]
[Date "2022.08.22"]
[Round "8.12"]
[White "Grigorian, Roudolph"]
[Black "Seres, Bela"]
[Result "1/2-1/2"]
[ECO "B33"]
[WhiteElo "2101"]
[BlackElo "2207"]
[Annotator "NA RC"]
[PlyCount "67"]
[EventDate "2022.08.18"]
[EventCountry "ITA"]
[SourceTitle "playchess.com"]
[Source "ChessBase"]
[SourceQuality "1"]
[TimeControl "5400+30"]

1. e4 c5 2. Nf3 Nc6 3. d4 cxd4 4. Nxd4 e5 5. Nb5 d6 6. N1c3 a6 7. Na3 b5 8. Nd5 Nge7 9. Be3 Nxd5 10. exd5 Ne7 11. c4 Nf5 12. Bd2 Be7 13. cxb5 O-O 14. Be2 Nd4 15. O-O Bb7 16. bxa6 Bxd5 17. b4 Qb6 18. Bd3 e4 19. Qh5 f5 20. Rfe1 Bf6 21. Bf1 Rxa6 22. Nc4 Qa7 23. Ne3 Bf7 24. Qh3 Rxa2 25. Rad1 Ra3 26. Bc1 Rb3 27. Rxd4 Qxd4 28. Nxf5 Qxb4 29. Qg4 Qxe1 30. Nh6+ Kh8 31. Nxf7+ Kg8 32. Nh6+ Kh8 33. Nf7+ Kg8 34. Nh6+ 1/2-1/2